 Dungeon Crawl Stone Soup version 0.29.0-5-ge4962eb29e (webtiles) character file.

Game seed: 15063389777995173268

14 ProzacElf the Slasher (level 2, -1/19 HPs)
             Began as a Tengu Cinder Acolyte on Aug 29, 2022.
             Was a High Priest of Ignis.
             Slain by a ball python (3 damage)
             ... on level 1 of the Dungeon.
             The game lasted 00:00:23 (183 turns).

ProzacElf the Slasher (Tengu Cinder Acolyte)         Turns: 183, Time: 00:00:23

Health: -1/19      AC:  2    Str: 14    XL:     2   Next: 41%
Magic:  4/4        EV:  8    Int: 14    God:    Ignis [*****.]
Gold:   0          SH:  0    Dex:  9    Spells: 3/3 levels left

rFire   + . .      SeeInvis .   a - -1 falchion (flame)
rCold   . . .      Faith    .   (no shield)
rNeg    . . .      Spirit   .   b - +0 robe
rPois   .          Reflect  .   (helmet restricted)
rElec   .          Harm     .   (no cloak)
rCorr   .          Rampage  .   (no gloves)
Will    .....                   (boots unavailable)
Stlth   +.........              (no amulet)
HPRegen 0.06/turn               (no ring)
MPRegen 0.09/turn               (no ring)

@: constricted
A: beak, talons 3
a: Renounce Religion, Fiery Armour, Foxfire Swarm, Rising Flame


You were on level 1 of the Dungeon.
You worshipped Ignis.
Ignis was extremely pleased with you.
You visited 1 branch of the dungeon, and saw 1 of its levels.

Inventory:

Hand Weapons
 a - a -1 falchion of flaming (weapon)
Armour
 b - a +0 robe (worn)


   Skills:
 - Level 3.0 Fighting
 + Level 3.7 Long Blades
 - Level 1.0 Spellcasting
 + Level 3.7 Fire Magic


You had 3 spell levels left.
You didn't know any spells.
Your spell library contained the following spells:

 Spells                   Type           Power      Damage    Failure   Level
 Scorch                   Fire           22%        2d6       9%          2


Dungeon Overview and Level Annotations

Branches:
Dungeon (1/15)

Altars:


Innate Abilities, Weirdness & Mutations

You have a beak for a mouth.
You have claws for feet.


Message History

Tha ball python hisses angrily.
Ye hit tha gnoll.
Ye burn tha gnoll.
Ye peck tha gnoll.
Ye kill tha gnoll!
Ye haf reached level 2!
Health restored: 19; MP restored: 4 A ball python comes inta view.
Thin's tha be 'ere: a +0 club; a gnoll corpse Ye barely miss tha frilled lizard.
Tha frilled lizard barely misses ye.
Ye barely miss tha frilled lizard.
Yer kick misses tha frilled lizard.
Tha frilled lizard bites ye.
Ye take 3 damage, an' haf 16/19 hp.
Ye barely miss tha frilled lizard.
Ye claw tha frilled lizard.
Ye kill tha frilled lizard!
Tha ball python barely misses ye.
Tha ball python grabs ye.
Tha ball python constricts ye.
Ye hit tha ball python.
Ye burn tha ball python.
Tha ball python be severely wounded.
Tha ball python bites ye.
Tha ball python constricts ye.
Ye take 3 damage, an' haf 13/19 hp.
Ye barely miss tha ball python.
Tha ball python be severely wounded.
Tha ball python bites ye.
Tha ball python constricts ye.
Tha ball python bites ye.
Tha ball python constricts ye.
Ye take 5 damage, an' haf 8/19 hp.
MASSIVE DAMAGE!!
Ye be too injured ta fight recklessly!
Ye be too injured ta fight recklessly!
Ye be too injured ta fight recklessly!
Ye closely miss tha ball python.
Tha ball python be severely wounded.
Tha ball python bites ye.
Tha ball python constricts ye.
Ye take 2 damage, an' haf 6/19 hp.
Ye barely miss tha ball python.
Yer kick misses tha ball python.
Tha ball python be severely wounded.
Tha ball python bites ye.
* * * LOW HITPOINT WARNIN'
* * * Tha ball python constricts ye.
* * * LOW HITPOINT WARNIN'
* * * Tha ball python bites ye.
Ye die...

####+## #.....#
#.....# #.....# #
#.....######.#
#.##.....$@SS...#
#........######...
####.....#
#.########
#.........
#.######## #.# #.#
#.#


You could see 2 ball pythons.

Vanquished Creatures
  A gnoll (D:1)
  2 ball pythons (D:1)
  A goblin (D:1)
  A frilled lizard (D:1)
5 creatures vanquished.

Notes
Turn   | Place    | Note
-------+----------+-------------------------------------------
     0 | D:1      | ProzacElf the Tengu Cinder Acolyte began the quest for the
                  | Orb.
     0 | D:1      | Reached XP level 1. HP: 14/14 MP: 3/3
   176 | D:1      | Reached XP level 2. HP: 19/19 MP: 4/4
   183 | D:1      | Slain by a ball python

Illustrated notes

Levels and vault maps discovered:
D:1:      elethiomel_arrival_infinity_welcomes_careful_drivers, layout_basic,
          bh_walls_and_bars

Action                   || total
-------------------------++-------
Melee: Falchion          ||    13
       Peck              ||     2
       Kick              ||     2
Dodge: Dodged            ||     6
